 Dungeon Crawl Stone Soup version 0.31.0-11-ge490571c62 (webtiles) character file.

Game seed: 15281873553865198398

1935 qw the Skirmisher (level 8, -12/40 HPs)
             Began as a Spriggan Hunter on Feb 3, 2024.
             Killed from afar by a steam dragon (18 damage)
             ... with a ball of steam
             ... on level 6 of the Dungeon.
             The game lasted 00:00:25 (4542 turns).

qw the Skirmisher (Spriggan Hunter)                 Turns: 4542, Time: 00:00:25

Health: -12/40     AC:  6    Str:  7    XL:     8   Next: 97%
Magic:  9/9        EV: 25    Int: 10    God:
Gold:   64         SH:  0    Dex: 21    Spells: 7/7 levels left

rFire   . . .        a - +2 shortbow (freeze)
rCold   . . .        (shield currently unavailable)
rNeg    . . .        c - +0 robe
rPois   .            h - +2 hat
rElec   .            f - +1 cloak
rCorr   .            (gloves unavailable)
SInv    +            (boots unavailable)
Will    +....        (no amulet)
Stlth   ++           (no ring)
HPRegen 0.26/turn    (no ring)
MPRegen 0.11/turn

%: no passive effects
@: very quick
A: very small, no large weapons, unfitting armour, see invisible, speed 3
a: no special abilities


You were on level 6 of the Dungeon.
You visited 1 branch of the dungeon, and saw 6 of its levels.

You collected 322 gold pieces.
You spent 258 gold pieces at shops.


Innate Abilities, Weirdness & Mutations

You are very small and have problems with some larger weapons.
You are too small for most types of armour.
You have supernaturally acute eyesight. (SInv)
You cover ground extremely quickly. (Speed+++)


   Skills:
 - Level 3.3 Fighting
 + Level 9.8 Ranged Weapons
 - Level 9.1 Dodging
 - Level 1.5 Stealth


You had 7 spell levels left.
You didn't know any spells.
Your spell library was empty.

Inventory:

Hand Weapons
 a - a +2 shortbow of freezing (weapon)
Armour
 c - a +0 robe (worn)
 f - a +1 cloak (worn)
 h - a +2 hat (worn)
Wands
 j - a wand of flame (23)
Potions
 b - a potion of resistance
 d - 2 potions of curing
 e - 2 potions of mutation
 g - a potion of enlightenment
 i - a potion of might
 k - 2 potions of cancellation {unknown}
 l - a potion of heal wounds {unknown}
 m - a potion of ambrosia {unknown}

Dungeon Overview and Level Annotations

Branches:
Dungeon (6/15)
 Temple: D:4-7

Altars:
Ashenzari
Cheibriados
Gozag
Trog
Vehumet
Wu Jian

Shops:
D:3 (   D:5 *

Annotations:
D:1 1 transporter
D:5 2 transporters, qw's ghost, novice DEHu


Message History

You shoot an arrow. The arrow hits the orc wizard!
The arrow freezes the orc wizard.
You kill the orc wizard!
You shoot an arrow. The arrow hits the orc wizard.
The arrow freezes the orc wizard.
The orc wizard is moderately wounded.
You shoot an arrow. The arrow hits the orc wizard.
The arrow freezes the orc wizard.
The orc wizard is heavily wounded.
You shoot an arrow. The arrow barely misses the orc wizard.
The arrow hits the orc!
The arrow freezes the orc.
You kill the orc!
You shoot an arrow. The arrow hits the orc wizard.
The arrow freezes the orc wizard.
You kill the orc wizard!
The steam dragon breathes steam at you. The ball of steam hits you!!
Ouch! That really hurt!
Something shouts, "Get thee hence, thou dankish flap-mouthed reprobate!"
4536 ||| Stepping ~*~*~tactically~*~*~ (cloud).
You start resting.
A steam dragon is nearby!
You shoot an arrow. The arrow hits the steam dragon.
The arrow freezes the steam dragon.
The steam dragon is lightly wounded.
You shoot an arrow.
The arrow closely misses the steam dragon.
You shoot an arrow. The arrow hits the steam dragon.
The arrow freezes the steam dragon.
The steam dragon is moderately wounded.
The steam dragon bites you! The steam dragon claws you.
You shoot an arrow.
The arrow hits the steam dragon but does no damage.
The steam dragon is moderately wounded.
The steam dragon completely misses you. x2
You shoot an arrow.
The arrow completely misses the steam dragon.
The steam dragon breathes steam at you. The ball of steam hits you!!
You die...

#.### #.# ######
#.#
#....########.###
#....##..........
#....##......#...
##....##..¤.......
#...........¤¤~~..
#@)...##....¤¤~~~.
#D....##)...¤¤_~~.
#)###.......~~)~~.
#..#
#....##.~~.~~.
#).##
#....#¤.~~.~~.
.).#
#.......~¤¤.~.
...)
#...##..~¤8.~.
$.... #...#
........ ....
#...# ...


You could see a steam dragon (catching breath).

Vanquished Creatures
  Pikel (D:5)
  An ogre (D:6)
  2 phantoms
  A bullfrog (D:6)
  2 scorpions
  3 wights (D:6)
  A howler monkey (D:5)
  3 bombardier beetles
  2 hounds
  A gnoll bouda (D:5)
  7 orc priests
  Jessica (D:3)
  2 iguanas
  5 orc wizards
  A statue (D:5)
  7 gnolls
  8 adders
  A white imp (D:5)
  2 ribbon worms (D:4)
  2 dart slugs
  27 orcs
  6 endoplasms
  A giant cockroach (D:1)
  8 goblins
  10 hobgoblins
  2 quokkas
  A ball python (D:1)
  6 bats
  A frilled lizard (D:1)
  7 kobolds
  7 rats
129 creatures vanquished.

Notes
Turn   | Place    | Note
-------+----------+-------------------------------------------
     0 | D:1      | qw the Spriggan Hunter began the quest for the Orb.
     0 | D:1      | Reached XP level 1. HP: 10/10 MP: 2/2
     0 | D:1      | 0 ||| qw: Version: 0.3-a-158-g18b3111
     0 | D:1      | 0 ||| qw: Game counter: 4254
     0 | D:1      | 0 ||| qw: Melee chars always use a shield: true
     0 | D:1      | 0 ||| qw: God list: Okawaru
     0 | D:1      | 0 ||| qw: Allow faded altars: false
     0 | D:1      | 0 ||| qw: Do Orc after clearing Dungeon:15 true
     0 | D:1      | 0 ||| qw: Do second Lair branch before Depths: true
     0 | D:1      | 0 ||| qw: Lair rune preference: random
     0 | D:1      | 0 ||| qw: Goals: Normal
     0 | D:1      | 0 ||| PLANNING D:1-11
    32 | D:1      | Reached skill level 3 in Dodging
    72 | D:1      | Reached XP level 2. HP: 14/14 MP: 3/3
   392 | D:1      | Found a faded altar of an unknown god.
   456 | D:1      | 456 ||| READING scroll labelled ILEPUALEUCRY.
   456 | D:1      | 456 ||| ENCHANTING +0 shortbow.
   457 | D:1      | 457 ||| READING scroll labelled JONIYD QATS.
   457 | D:1      | 457 ||| ENCHANTING +1 shortbow.
   458 | D:1      | 458 ||| READING scroll labelled QEUNIC DEBUTA.
   459 | D:1      | 459 ||| READING scroll labelled WEREKU YTUDEF.
   460 | D:1      | 460 ||| READING scroll labelled FERIAC PURUMA.
   460 | D:1      | 460 ||| IDENTIFYING bubbling coppery potion
   461 | D:1      | 461 ||| READING scroll labelled EZXUETHIRRU.
   562 | D:1      | 562 ||| DROPPING scroll of butterflies.
   681 | D:2      | Reached XP level 3. HP: 18/18 MP: 4/4
   836 | D:2      | Found an opulent altar of Gozag.
  1441 | D:2      | 1441 ||| UPGRADING to +0 cloak.
  1446 | D:2      | 1446 ||| READING 2 scrolls of identify.
  1446 | D:2      | 1446 ||| IDENTIFYING puce potion
  1447 | D:2      | 1447 ||| READING scroll of identify.
  1447 | D:2      | 1447 ||| IDENTIFYING 2 scrolls labelled WITOKUCZUI
  1448 | D:2      | 1448 ||| DROPPING 2 scrolls of silence.
  1547 | D:3      | Reached XP level 4. HP: 22/22 MP: 5/5
  1584 | D:3      | 1584 ||| READING scroll of enchant weapon.
  1584 | D:3      | 1584 ||| ENCHANTING +1 shortbow.
  1597 | D:3      | Found Ofapoh's Antique Weapon Emporium.
  1658 | D:3      | Found a snail-covered altar of Cheibriados.
  1685 | D:3      | Noticed Jessica
  1687 | D:3      | Killed Jessica
  1847 | D:3      | 1847 ||| UPGRADING to +1 hat.
  1852 | D:3      | 1852 ||| READING scroll labelled EXKEL JIUFIDEDD.
  1852 | D:3      | 1852 ||| BRANDING +2 shortbow.
  1859 | D:4      | 1859 ||| PLANNING SEWER
  1859 | D:4      | 1859 ||| STAIRDANCE
  1863 | D:4      | 1863 ||| STAIRDANCE
  1867 | D:4      | 1867 ||| STAIRDANCE
  1871 | D:4      | 1871 ||| STAIRDANCE
  1877 | D:3      | Reached XP level 5. HP: 16/26 MP: 6/6
  2012 | D:4      | 2012 ||| FLEEEEING.
  2013 | D:4      | 2013 ||| FLEEEEING.
  2014 | D:4      | 2014 ||| FLEEEEING.
  2015 | D:4      | 2015 ||| FLEEEEING.
  2016 | D:4      | 2016 ||| FLEEEEING.
  2017 | D:4      | 2017 ||| FLEEEEING.
  2018 | D:4      | 2018 ||| FLEEEEING.
  2019 | D:4      | 2019 ||| FLEEEEING.
  2020 | D:4      | 2020 ||| FLEEEEING.
  2021 | D:4      | 2021 ||| FLEEEEING.
  2022 | D:4      | 2022 ||| FLEEEEING.
  2026 | D:4      | 2026 ||| FLEEEEING.
  2029 | D:4      | 2029 ||| FLEEEEING.
  2031 | D:4      | 2031 ||| FLEEEEING.
  2032 | D:4      | 2032 ||| FLEEEEING.
  2033 | D:4      | 2033 ||| FLEEEEING.
  2034 | D:4      | 2034 ||| FLEEEEING.
  2035 | D:4      | 2035 ||| FLEEEEING.
  2036 | D:4      | 2036 ||| FLEEEEING.
  2037 | D:4      | 2037 ||| FLEEEEING.
  2038 | D:4      | 2038 ||| FLEEEEING.
  2039 | D:4      | 2039 ||| FLEEEEING.
  2040 | D:4      | 2040 ||| FLEEEEING.
  2041 | D:4      | 2041 ||| STAIRDANCE
  2231 | D:4      | 2231 ||| READING scroll of enchant armour.
  2231 | D:4      | 2231 ||| ENCHANTING +1 hat.
  2285 | D:4      | Reached skill level 6 in Ranged Weapons
  2320 | D:4      | 2320 ||| FLEEEEING.
  2321 | D:4      | 2321 ||| FLEEEEING.
  2397 | D:4      | Reached XP level 6. HP: 30/30 MP: 7/7
  2564 | D:4      | Reached skill level 6 in Dodging
  2684 | D:4      | Found a broken altar of Ashenzari.
  2686 | D:4      | 2686 ||| RIP SEWER
  2686 | D:4      | 2686 ||| PLANNING D:1-11
  2805 | D:4      | Found an ornate altar of the Wu Jian Council.
  2903 | D:4      | Found a glowing drain.
  2905 | D:4      | 2905 ||| READING scroll labelled FYESTI ZIQU.
  2908 | D:4      | 2908 ||| DRINKING 2 yellow potions.
  2945 | D:5      | Entered Level 5 of the Dungeon
  2947 | D:5      | 2947 ||| STAIRDANCE
  2949 | D:4      | 2949 ||| PLANNING SEWER
  2986 | D:4      | 2986 ||| RIP SEWER
  3036 | D:4      | 3036 ||| PLANNING D:1-11
  3141 | D:5      | 3141 ||| STAIRDANCE
  3148 | D:5      | 3148 ||| STAIRDANCE
  3205 | D:5      | Reached XP level 7. HP: 35/35 MP: 8/8
  3391 | D:5      | Found Asonyeb's Assorted Antiques.
  3409 | D:5      | 3409 ||| BUYING inky potion (26 gold).
  3409 | D:5      | Bought an inky potion for 26 gold pieces
  3409 | D:5      | 3409 ||| BUYING runed hat (203 gold).
  3409 | D:5      | Bought a runed hat for 203 gold pieces
  3409 | D:5      | 3409 ||| BUYING scroll labelled PADWYT RAEL (29 gold).
  3409 | D:5      | Bought a scroll labelled PADWYT RAEL for 29 gold pieces
  3409 | D:5      | 3409 ||| SHOPLISTING scroll of teleportation (87 gold, have
                  | 6).
  3409 | D:5      | 3409 ||| SHOPLISTING sedimented pink potion (26 gold, have
                  | 6).
  3460 | D:5      | Found a transporter.
  3460 | D:5      | Noticed qw's ghost (novice DEHu)
  3464 | D:5      | Found a transporter.
  3488 | D:5      | Noticed Pikel
  3489 | D:5      | 3489 ||| DRINKING potion of haste.
  3497 | D:5      | Killed Pikel
  3498 | D:5      | Reached skill level 9 in Ranged Weapons
  3498 | D:5      | Reached XP level 8. HP: 39/39 MP: 9/9
  3502 | D:5      | 3502 ||| READING scroll of enchant armour.
  3502 | D:5      | 3502 ||| ENCHANTING +0 cloak.
  4035 | D:5      | Found a radiant altar of Vehumet.
  4046 | D:5      | 4046 ||| DROPPING +2 hat.
  4047 | D:5      | 4047 ||| READING 2 scrolls of identify.
  4047 | D:5      | 4047 ||| IDENTIFYING fuming orange potion
  4048 | D:5      | 4048 ||| READING scroll of identify.
  4048 | D:5      | 4048 ||| IDENTIFYING murky amethyst potion
  4049 | D:5      | 4049 ||| READING scroll labelled PADWYT RAEL.
  4050 | D:5      | 4050 ||| DRINKING 2 smoky black potions.
  4102 | D:6      | Reached skill level 3 in Fighting
  4154 | D:6      | 4154 ||| FLEEEEING.
  4155 | D:6      | 4155 ||| FLEEEEING.
  4165 | D:6      | Reached skill level 9 in Dodging
  4174 | D:6      | HP: 4/40 [gnoll/+0 club (7)]
  4175 | D:6      | 4175 ||| READING scroll of teleportation.
  4178 | D:6      | HP: 1/40 [poisoned by a gnoll]
  4487 | D:6      | Found a bloodstained altar of Trog.
  4536 | D:6      | 4536 ||| Stepping ~*~*~tactically~*~*~ (cloud).
  4540 | D:6      | HP: 6/40 [steam dragon (9)]
  4542 | D:6      | Killed from afar by a steam dragon

Levels and vault maps discovered:
D:1:      spicycebolla_arrival_risky_transporter, layout_rooms,
          shapermc_ecumenical_altar_mp_ritualfount, minmay_crystal_room,
          item_on_display_a
D:2:      layout_basic, basic_altar, corexii_corridor_pit
D:3:      layout_rooms, cheibriados_altar_1, serial_shops, shop, uniq_jessica
D:4:      layout_cave_pods, pdpol_wu_jian_five_deadly_venoms,
          lemuel_coloured_pillars_altar, portal_sewer_entry_d,
          minmay_manual_macuahuitl
D:5:      layout_cave_pods, vehumet_statue, serial_shops, nicolae_shop_crystal,
          gammafunk_ghost_mausoleum, uniq_pikel
D:6:      layout_basic, mainiacjoe_overflow_catwalk, minmay_nine_imps

Skill      XL: |  1  2  3  4  5  6  7  8 |
---------------+-------------------------+-----
Dodging        | 3 4 5 6 7 9 |  9.1
Ranged Weapons | 5 6 7 9 |  9.8
Fighting       | 2 3 |  3.3
Stealth        | |  1.5

Action                     |  1- 3 |  4- 6 |  7- 9 || total
---------------------------+-------+-------+-------++-------
   Fire: Shortbow          |   123 |   125 |   158 ||   406
    Use: Scroll            |     8 |     4 |     5 ||    17
         Potion            |       |     1 |     2 ||     3
 Armour: Robe              |    17 |    13 |    24 ||    54
  Dodge: Dodged            |    58 |    64 |    39 ||   161

Table legend:
 A = Non-vault XP
 B = Vault XP
 C = Vault XP percentage of total XP
 D = Non-vault monster count
 E = Vault monster count
 F = Vault count percentage of total count
                 A         B        C        D         E       F
            +---------+---------+-------+---------+---------+-------
      Total |    1929 |     836 |  30.2 |     121 |       8 |   6.2
            +---------+---------+-------+---------+---------+-------
        D:1 |      36 |       0 |   0.0 |      24 |       0 |   0.0
        D:2 |      51 |       0 |   0.0 |      16 |       0 |   0.0
        D:3 |     121 |      37 |  23.4 |       7 |       1 |  12.5
        D:4 |     360 |     104 |  22.4 |      30 |       5 |  14.3
        D:5 |     485 |     695 |  58.9 |      20 |       2 |   9.1
        D:6 |     876 |       0 |   0.0 |      24 |       0 |   0.0
            +---------+---------+-------+---------+---------+-------
